Map: Romanticide LE

Players

ByuN

  • Race: Terran Terran
  • Spawn Location: 5:00

Dream - Winner!

  • Race: Terran Terran
  • Spawn Location: 11:00

Event: IEM Katowice 2021

VOD

Have the link to the VOD?

Description

Time

  • Played on: Feb. 20, 2021, 8:58 a.m.
  • Length: 13:05

All games in this series

Show
View Real Time Build Order
Export as new Build Order

ByuN Terran 

Build Orders: Cyclone Opening 

Get SALT Encoding   

  12  0:00  SCV  
  13  0:12  SCV  
  14  0:17  Supply Depot  
  14  0:24  SCV  
  14  0:27  Refinery  
  15  0:38  SCV  
  16  0:43  Barracks  
  16  0:50  SCV  
  16  0:56  Refinery  
  17  1:03  SCV  
  18  1:15  SCV  
  19  1:31  Factory, Orbital Command  
  19  1:34  Reaper  
  20  1:47  Supply Depot  
  20  1:57  SCV  
  21  2:06  Reaper  
  22  2:09  SCV  
  23  2:16  Factory Tech Lab  
  23  2:22  Command Center  
  23  2:24  SCV  
  24  2:34  Cyclone  
  24  2:36  SCV  
  28  2:39  Supply Depot  
  28  2:43  Barracks Reactor  
  28  2:48  SCV  
  29  2:54  Starport  
  29  3:00  SCV  
  30  3:12  SCV, Cyclone  
  34  3:16  Supply Depot  
  34  3:20  Marine x2  
  34  3:25  SCV  
  37  3:30  Medivac  
  39  3:37  SCV  
  39  3:38  Marine x2  
  42  3:43  Orbital Command  
  42  3:50  SCV  
  42  3:54  Refinery  
  43  3:56  Marine x2  
  43  4:00  Siege Tank  
  43  4:01  Starport Tech Lab  
  48  4:09  SCV x2  
  50  4:12  Supply Depot  
  50  4:20  Marine x2  
  50  4:21  SCV x2  
  54  4:32  Raven  
  54  4:33  SCV x2  
  58  4:45  SCV  
  59  4:46  SCV  
  59  4:51  Command Center, Siege Tank  
  63  4:57  SCV  
  63  4:58  SCV  
  65  5:02  Supply Depot  
  65  5:09  SCV  
  65  5:10  SCV  
  65  5:13  Barracks  
  67  5:20  Barracks, Starport Reactor  
  67  5:21  Stimpack, Marine, SCV  
  68  5:23  SCV  
  68  5:26  Siege Tank  
  73  5:32  Supply Depot  
  73  5:34  SCV  
  73  5:35  SCV  
  75  5:41  Engineering Bay  
  75  5:42  Engineering Bay  
  75  5:45  Refinery  
  75  5:46  SCV  
  75  5:47  SCV  
  75  5:49  Marine  
  78  5:58  SCV  
  78  5:59  SCV, Supply Depot  
  78  6:03  Siege Tank  
  83  6:05  Starport Reactor, Orbital Command  
  83  6:07  Marine  
  83  6:10  SCV  
  83  6:11  SCV  
  86  6:12  Terran Infantry Weapons Level 1, Terran Infantry Armor Level 1  
  86  6:14  Marine x2  
  86  6:15  Marine x2  
  90  6:24  Marine  
  91  6:32  Marine x2  
  93  6:33  Marine x2  
  93  6:36  Siege Tank  
  97  6:42  Marine  
  97  6:43  SCV  
  85  6:49  SCV, Marine x2  
  85  6:51  Marine x2  
  86  7:00  Marine  
  83  7:05  Orbital Command  
  83  7:07  Marine x2, Combat Shield  
  83  7:08  Marine x2, Siege Tank  
  86  7:10  SCV  
  86  7:11  SCV  
  84  7:18  Marine  
  84  7:22  SCV  
  70  7:23  SCV  
  70  7:25  Marine x2  
  70  7:26  Medivac, Marine x2  
  70  7:28  Medivac  
  79  7:32  SCV  
  79  7:36  Marine  
  81  7:38  SCV x2  
  81  7:43  Marine x2  
  85  7:44  SCV, Marine x2  
  85  7:50  SCV x2, Armory  
  90  7:53  Marine  
  90  7:57  SCV, Sensor Tower  
  92  8:02  SCV x2  
  92  8:03  Marine x4  
  98  8:09  SCV  
  98  8:11  Marine  
  100  8:13  Armory  
  100  8:14  Medivac, SCV x2  
  100  8:17  Supply Depot  
  100  8:19  Supply Depot  
  104  8:21  SCV  
  104  8:25  Supply Depot  
  104  8:26  SCV x2, Supply Depot  
  107  8:33  Barracks x2, Marine x2  
  109  8:38  Marine  
  109  8:39  SCV x2, Marine  
  109  8:40  Barracks Reactor  
  112  8:42  SCV  
  112  8:44  Terran Infantry Weapons Level 2  
  112  8:52  SCV x2  
  112  8:55  Marine x2  
  116  8:56  Marine x2  
  117  9:03  Medivac  
  117  9:05  SCV x2  
  117  9:09  Medivac  
  111  9:10  SCV  
  111  9:12  Marine x2  
  111  9:13  Siege Tank  
  111  9:14  Marine x2  
  111  9:17  SCV  
  111  9:19  Refinery  
  111  9:20  Marine x2  
  114  9:26  Barracks Reactor x2  
  114  9:29  Factory  
  114  9:30  Marine x2  
  116  9:32  Marine x2  
  116  9:34  SCV x3  
  116  9:35  Refinery  
  116  9:38  Marine  
  122  9:45  Marine  
  123  9:46  Command Center  
  123  9:48  Marine  
  123  9:51  Marine x3  
  124  9:55  Medivac x2, Siege Tank  
  124  9:56  Marine  
  132  10:03  Marine x5  
  132  10:05  SCV x3, Supply Depot  
  132  10:06  Marine  
  141  10:10  Terran Infantry Armor Level 2  
  141  10:12  Missile Turret  
  141  10:13  Marine x3  
  144  10:17  Siege Tank  
  146  10:28  Siege Tank  
  149  10:32  Marine  
  149  10:33  Marine x6  
  154  10:41  Medivac  
  156  10:44  Supply Depot  
  156  10:46  Supply Depot  
  156  10:49  Marine x3, Siege Tank  
  157  10:55  SCV x3  
  162  10:58  Planetary Fortress  
  162  11:00  Marine x4, Siege Tank  
  169  11:07  Marine x2  
  169  11:09  Marine  
  169  11:10  Marine  
  152  11:11  Marine x2  
  152  11:18  Marine x4  
  152  11:20  SCV x2  
  152  11:22  SCV  
  152  11:25  Marine x2  
  160  11:27  Marine  
  160  11:28  Marine, Siege Tank  
  160  11:29  Marine x2  
  160  11:32  Siege Tank  
  170  11:36  Marine x4  
  170  11:37  Supply Depot  
  174  11:42  Marine  
  175  11:49  Marine  
  175  11:50  Marine  
  175  11:53  Marine x2  
  177  11:55  Marine x2  
  177  11:58  Marine x2  
  177  11:59  Marine  
  177  12:00  Marine  
  170  12:02  Siege Tank  
  170  12:07  Marine  
  170  12:08  Marine  
  169  12:10  Medivac x2  
  169  12:11  Marine  
  169  12:13  Marine x2  
  169  12:15  Marine  
  154  12:19  Marine x4  
  148  12:25  Marine  
  148  12:26  Marine  
  148  12:29  Marine  
  144  12:31  Marine x2  
  144  12:33  Marine  
  144  12:36  Marine  
  144  12:37  Marine x2  
  119  12:38  Marine  
  119  12:44  Marine  
  108  12:47  Marine  
Show
View Real Time Build Order
Export as new Build Order

Dream Terran - Winner!

Build Orders: Gas First Reaper Expand 

Get SALT Encoding   

  12  0:00  SCV  
  13  0:12  SCV  
  14  0:17  Supply Depot  
  14  0:24  SCV  
  14  0:27  Refinery  
  15  0:38  SCV  
  16  0:43  Barracks  
  16  0:50  SCV  
  17  1:02  SCV  
  18  1:15  SCV  
  19  1:30  Reaper, Orbital Command  
  20  1:40  Command Center  
  20  1:51  Factory  
  20  1:55  SCV  
  21  2:01  Supply Depot  
  21  2:06  Reaper  
  21  2:07  SCV  
  23  2:14  Refinery  
  23  2:23  SCV  
  24  2:35  SCV  
  25  2:37  Hellion  
  25  2:38  Marine  
  25  2:41  Starport  
  28  2:47  SCV  
  29  2:52  Orbital Command  
  29  2:54  Refinery  
  29  2:59  Widow Mine, SCV  
  29  3:00  Marine  
  33  3:11  SCV  
  34  3:18  SCV  
  34  3:19  Starport Tech Lab  
  35  3:20  Factory Tech Lab  
  35  3:23  SCV, Barracks Reactor  
  36  3:30  SCV  
  37  3:35  SCV  
  37  3:38  Raven  
  40  3:42  Supply Depot  
  40  3:43  SCV  
  40  3:47  SCV  
  40  3:48  Cyclone  
  45  3:51  Supply Depot  
  45  3:56  SCV  
  46  4:04  SCV, Marine x2  
  46  4:05  Supply Depot  
  46  4:08  SCV  
  50  4:16  SCV  
  51  4:20  SCV  
  51  4:21  Raven  
  51  4:23  Marine x2  
  56  4:28  SCV  
  57  4:35  SCV  
  58  4:40  SCV  
  58  4:42  Marine x2  
  58  4:43  Command Center, Supply Depot  
  58  4:45  Siege Tank, Refinery  
  64  4:48  SCV  
  66  4:52  SCV  
  66  4:57  Supply Depot  
  66  5:00  SCV  
  66  5:05  SCV  
  70  5:07  Supply Depot  
  70  5:12  SCV  
  69  5:14  Supply Depot  
  69  5:17  SCV, Viking x2, Stimpack  
  69  5:20  Siege Tank  
  77  5:25  SCV  
  78  5:29  SCV  
  78  5:32  Marine  
  80  5:37  SCV  
  80  5:41  SCV  
  82  5:45  Supply Depot  
  82  5:46  Barracks x2  
  82  5:48  Viking  
  82  5:49  SCV  
  85  5:51  Viking  
  85  5:52  Siege Tank  
  85  5:56  Orbital Command  
  90  5:57  Marine  
  90  6:03  SCV  
  92  6:10  Engineering Bay  
  92  6:11  SCV, Engineering Bay, Orbital Command  
  92  6:15  SCV, Marine  
  95  6:21  Viking x2  
  95  6:24  SCV, Siege Tank  
  103  6:27  SCV  
  103  6:33  Marine  
  104  6:40  SCV x2  
  104  6:41  Marine x2  
  103  6:47  SCV  
  103  6:50  Barracks x2  
  103  6:51  Marine  
  103  6:52  SCV  
  103  6:53  Terran Infantry Weapons Level 1  
  99  6:57  Viking  
  101  7:01  SCV x2  
  101  7:05  Barracks Reactor x2  
  101  7:08  SCV, Marine  
  104  7:10  Siege Tank  
  105  7:18  Sensor Tower  
  94  7:23  SCV x2  
  94  7:24  Medivac  
  94  7:25  SCV  
  94  7:26  Marine  
  94  7:27  Medivac  
  102  7:30  Terran Infantry Armor Level 1  
  102  7:35  SCV x2, Refinery x2  
  104  7:39  Sensor Tower  
  104  7:43  SCV, Missile Turret  
  105  7:44  Marine, Missile Turret  
  105  7:46  Missile Turret  
  105  7:47  SCV x2  
  105  7:50  Barracks Reactor  
  105  7:51  Siege Tank, Combat Shield  
  111  7:55  Barracks Reactor  
  111  7:56  SCV  
  111  7:57  Supply Depot x2  
  112  7:59  SCV x2  
  112  8:00  Marine x4  
  112  8:02  Marine  
  119  8:07  Supply Depot  
  119  8:08  Supply Depot  
  119  8:11  SCV  
  120  8:12  Viking  
  120  8:13  Viking  
  120  8:16  Supply Depot  
  120  8:18  Marine x2  
  126  8:21  Armory  
  126  8:23  Marine x3  
  126  8:24  Siege Tank  
  132  8:28  Marine x2  
  132  8:31  Command Center  
  134  8:35  Marine  
  134  8:37  Marine x2  
  134  8:38  Marine  
  134  8:41  Marine  
  137  8:43  Marine x2  
  137  8:46  Liberator  
  137  8:48  Liberator  
  145  8:51  Marine  
  145  8:54  Sensor Tower  
  145  8:59  Marine x2  
  145  9:00  Marine x3  
  145  9:06  SCV  
  139  9:10  Marine x4  
  139  9:11  Siege Tank  
  139  9:16  SCV x2, Marine, Refinery  
  148  9:20  Missile Turret  
  148  9:21  Marine x4  
  152  9:26  Command Center  
  152  9:27  Marine, Terran Infantry Weapons Level 2  
  152  9:28  Marine  
  152  9:29  Terran Infantry Armor Level 2  
  152  9:30  Marine x2, Terran Vehicle Weapons Level 1  
  156  9:34  Marine  
  157  9:38  Marine  
  157  9:39  Marine x2  
  157  9:42  Marine  
  157  9:43  Siege Tank  
  164  9:45  Marine  
  161  9:52  Marine  
  161  9:53  Marine x2  
  165  10:00  Marine  
  165  10:01  Marine x2, Supply Depot  
  165  10:02  Supply Depot x2  
  165  10:05  Viking x2  
  165  10:06  Factory, Marine x2  
  173  10:09  Barracks Reactor  
  173  10:10  Missile Turret  
  173  10:16  Marine, Supply Depot  
  172  10:22  Marine  
  172  10:23  Marine  
  172  10:24  Marine x3  
  172  10:26  Marine x2  
  179  10:30  Siege Tank  
  179  10:34  Marine  
  183  10:40  Marine x2  
  183  10:42  Marine x3  
  187  10:44  Marine  
  187  10:45  Marine x3  
  191  10:51  Marine  
  191  10:53  Refinery  
  191  10:55  Planetary Fortress  
  191  10:56  Refinery  
  192  10:57  Missile Turret  
  192  10:58  Marine x2  
  192  11:00  Marine  
  193  11:05  Marine  
  193  11:09  Marine  
  193  11:11  Marine x3  
  172  11:12  Marine x2  
  172  11:15  Sensor Tower  
  172  11:16  Marine  
  172  11:17  Siege Tank x2  
  182  11:23  Marine  
  182  11:24  Marine x2  
  185  11:25  Viking  
  185  11:26  Viking  
  185  11:32  Marine x2  
  190  11:33  Marine  
  190  11:34  Marine  
  190  11:35  Marine  
  193  11:49  Siege Tank x2  
  198  11:57  Marine x2  
  198  11:59  Marine  
  192  12:09  Marine  
  192  12:11  Marine  
  173  12:18  Marine x3  
  140  12:23  Siege Tank x2  
  126  12:30  Marine  
  126  12:31  Marine x4  
  120  12:39  SCV x2, Marine  
  120  12:40  Marine x3  
  120  12:46  SCV  

Tags
 
Add a new tag
Caveats
  • Supply blocks, unpowered buildings, or Contaminate may cause inaccurate times.
  • Supply counts are checked every 10 seconds.